 Dungeon Crawl Stone Soup version 0.30.0-15-g856e2d3f33 (webtiles) character file.

Game seed: 5172129769078451599

471 EnegeticOcto the Shooter (level 6, -12/51 HPs)
             Began as an Armataur Hunter on May 19, 2023.
             Mangled by an ogre
             ... wielding a +0 giant spiked club
              (28 damage)
             ... on level 5 of the Dungeon.
             The game lasted 00:08:15 (2536 turns).

EnegeticOcto the Shooter (Armataur Hunter)          Turns: 2536, Time: 00:08:15

Health: -12/51     AC:  4    Str: 16    XL:     6   Next: 83%
Magic:  6/6        EV:  9    Int: 10    God:
Gold:   228        SH:  0    Dex: 21    Spells: 5/5 levels left

rFire   . . .        a - +0 shortbow
rCold   . . .        (shield currently unavailable)
rNeg    + . .        c - +0 leather armour
rPois   .            (no helmet)
rElec   .            (no cloak)
rCorr   .            (no gloves)
SInv    .            (no barding)
Will    .....        (no amulet)
Stlth   +++          s - ring of positive energy
HPRegen 0.28/turn    t - +6 ring of dexterity
MPRegen 0.10/turn

%: roll
@: no status effects
A: large, rugged brown scales 3, deformed body, armoured tail, roll, long
tongue, awkward tongue
a: no special abilities


You were on level 5 of the Dungeon.
You visited 1 branch of the dungeon, and saw 5 of its levels.

You collected 228 gold pieces.

Inventory:

Hand Weapons
 a - a +0 shortbow (weapon)
Missiles
 n - 16 poisoned darts
 r - a throwing net {!f}
Armour
 c - a +0 leather armour (worn)
Jewellery
 e - a ring of flight
   (You found it on level 1 of the Dungeon)
 s - a ring of positive energy (left hand)
   (You found it on level 4 of the Dungeon)
 t - a +6 ring of dexterity (right hand)
   (You found it on level 4 of the Dungeon)
Scrolls
 b - a scroll of immolation
 d - a scroll of fog {!r}
 f - a scroll of enchant weapon
 g - a scroll of fear {!r}
 i - 3 scrolls of teleportation {@r3 !r}
 k - a scroll of enchant armour {unknown}
 o - a scroll of magic mapping {@r5 !r}
 p - a scroll of noise {unknown}
 u - 2 scrolls of amnesia {unknown}
 v - a scroll of summoning {unknown}
Potions
 h - 3 potions of attraction
 j - 2 potions of curing {@q1 !q}
 l - a potion of lignification {unknown}
 m - a potion of heal wounds {unknown}
 q - a potion of mutation {unknown}
 w - 2 potions of magic {unknown}


   Skills:
 + Level 2.1 Fighting
 * Level 5.4 Ranged Weapons
 - Level 1.3 Dodging
 + Level 4.4 Stealth


You had 5 spell levels left.
You didn't know any spells.
Your spell library contained the following spells:

 Spells                   Type           Power      Damage    Failure   Level
 Kiss of Death            Conj/Necr      0%         2d5       43%         1
 Confusing Touch          Hex            0%         N/A       80%         3
 Dispel Undead            Necr           0%         3d6       99%         4


Dungeon Overview and Level Annotations

Branches:
Dungeon (5/15) Zot: 26664
 Temple: D:4-7

Altars:
Elyvilon

Shops:
D:1 !


Innate Abilities, Weirdness & Mutations

You are completely covered in rugged brown scales. (AC +3, +7% HP)
Armour fits poorly on your strangely shaped body.
You have a long armoured tail.
You roll when moving toward enemies. (Rampage)
Your long tongue fully drains potion bottles. (2x potion effects)
Your tongue gives you trouble enunciating. (1.5x scroll delay)


Message History

You climb downwards.
There is a stone staircase leading up here.
There is an open door here.
There is an open door here.
(D) Dungeon
Where to? (Enter - D:4, ? - help)
There is a stone staircase leading down here.
You climb downwards.
There is a stone staircase leading up here.
HP restored.
A shadow imp comes into view.
The shadow imp shouts, "Begone, thou erky fob-snatching coxcomb!"
You shoot an arrow. The arrow hits the shadow imp!
The shadow imp is severely wounded.
You shoot an arrow. The arrow hits the shadow imp!
You kill the shadow imp!
Found 7 gold pieces.
You now have 202 gold pieces (gained 7).
Okay, then.
Found a potion of attraction.
Found a stone staircase leading down.
Found a scroll of teleportation.
h - 3 potions of attraction (gained 1)
Found a book of Touch.
i - 2 scrolls of teleportation {@r3 !r} (gained 1)
You pick up a book of Touch and begin reading...
You add the spells Kiss of Death, Confusing Touch and Dispel Undead to your library.
You open the door.
There is an open door here.
Found 14 gold pieces.
You now have 216 gold pieces (gained 14).
Found a scroll of teleportation.
Found a flail.
i - 3 scrolls of teleportation {@r3 !r} (gained 1)
You see here a +0 flail.
Found a stone staircase leading down.
Found a scroll labelled GOUC TUFIRGHAG.
Found 12 gold pieces.
u - 2 scrolls labelled GOUC TUFIRGHAG (gained 1)
Found a fizzy yellow potion.
You now have 228 gold pieces (gained 12).
w - a fizzy yellow potion
Found a fizzy yellow potion.
Found a club.
An ogre comes into view. It is wielding a +0 giant spiked club.
The ogre shouts!
You see here a fizzy yellow potion.
w - 2 fizzy yellow potions (gained 1)
You shoot an arrow. The arrow hits the ogre.
The ogre is lightly wounded.
You shoot an arrow. The arrow hits the ogre.
The ogre is lightly wounded.
You shoot an arrow. The arrow completely misses the ogre.
The ogre misses you.
You shoot an arrow.
The arrow hits the ogre but does no damage.
The ogre is lightly wounded.
The ogre hits you with a +0 giant spiked club!
You are too injured to fight recklessly!
You are too injured to fight recklessly!
You are too injured to fight recklessly!
The ogre attacks as you move away! The ogre completely misses you.
Really fire
r - 2 throwing nets {!f}?
Unknown command.
Unknown command.
Throw: 2 throwing nets {!f}
Press: ? - help, Q - select action, (/) - cycle Shift-Dir - straight line, f/p - ogre
Aim: an ogre, wielding a +0 giant spiked club (77% to hit)
You throw a throwing net {!f}. The throwing net {!f} hits the ogre.
The ogre is caught in the net!
The ogre struggles against the net.
The ogre struggles against the net.
The ogre struggles against the net.
The ogre struggles against the net.
The ogre struggles against the net.
The net rips apart, and the ogre comes free!
Fire: a) +0 shortbow
Press: ? - help, Q - select action, (/) - cycle Shift-Dir - straight line, f/p - ogre
Aim: an ogre, wielding a +0 giant spiked club (78% to hit)
You shoot an arrow. The arrow closely misses the ogre.
Fire: a) +0 shortbow
Press: ? - help, Q - select action, (/) - cycle Shift-Dir - straight line, f/p - ogre
Aim: an ogre, wielding a +0 giant spiked club (78% to hit)
You shoot an arrow. The arrow barely misses the ogre.
Fire: a) +0 shortbow
Press: ? - help, Q - select action, (/) - cycle Shift-Dir - straight line, f/p - ogre
Aim: an ogre, wielding a +0 giant spiked club (78% to hit)
You shoot an arrow.
The arrow hits the ogre but does no damage.
You shoot an arrow.
The arrow hits the ogre but does no damage.
You shoot an arrow. The arrow hits the ogre.
The ogre is moderately wounded.
The ogre hits you with a +0 giant spiked club!!
Ouch! That really hurt!
* * * LOW HITPOINT WARNING * * *
You are too injured to fight recklessly!
The ogre attacks as you move away!
The ogre hits you with a +0 giant spiked club!!
Ouch! That really hurt!
You die...

###################
.................>#
..........#######.#
.#....###.# ##.#
.#..#.###.# #@.#
.#........# #O##
.#..#.##########.#
.................#
.#..#.###.#..#####
.##.#.# #.#.##
.##.#.# #.#.#
......###...#
.##.##....###


You could see an ogre.

Vanquished Creatures
  Eustachio (D:4)
  An ogre (D:5)
  A phantom (D:4)
  A hound (D:4)
  Natasha (D:3)
  An adder (D:3)
  A shadow imp (D:5)
  2 ufetubi
  3 dart slugs
  A worm (D:2)
  An orc (D:4)
  7 endoplasms
  A giant cockroach (D:1)
  10 goblins
  6 hobgoblins
  4 jackals (D:3)
  4 quokkas
  5 ball pythons
  5 bats
  5 frilled lizards
  6 kobolds
  4 rats
  A spectral goblin (D:1)
72 creatures vanquished.

Notes
Turn   | Place    | Note
-------+----------+-------------------------------------------
     0 | D:1      | EnegeticOcto the Armataur Hunter began the quest for the
                  | Orb.
     0 | D:1      | Reached XP level 1. HP: 18/18 MP: 1/1
    16 | D:1      | Reached skill level 3 in Ranged Weapons
   112 | D:1      | Reached XP level 2. HP: 25/25 MP: 2/2
   152 | D:1      | Found Buix Mou's Distillery.
   263 | D:1      | Found a faded altar of an unknown god.
   698 | D:2      | Reached XP level 3. HP: 21/31 MP: 3/3
  1167 | D:2      | Reached skill level 4 in Ranged Weapons
  1434 | D:3      | Noticed Natasha
  1455 | D:3      | Killed Natasha
  1456 | D:3      | Reached XP level 4. HP: 19/38 MP: 4/4
  1572 | D:3      | Found a faded altar of an unknown god.
  1575 | D:3      | Found a white marble altar of Elyvilon.
  1719 | D:4      | Noticed a phantom
  1727 | D:4      | Killed a phantom
  1728 | D:4      | Reached skill level 2 in Stealth
  1728 | D:4      | Reached XP level 5. HP: 34/43 MP: 5/5
  1845 | D:4      | Noticed Eustachio
  1974 | D:4      | Killed Eustachio
  1975 | D:4      | Reached skill level 5 in Ranged Weapons
  1975 | D:4      | Reached skill level 3 in Stealth
  1975 | D:4      | Reached XP level 6. HP: 35/51 MP: 6/6
  2116 | D:4      | Reached skill level 4 in Stealth
  2207 | D:5      | Entered Level 5 of the Dungeon
  2225 | D:5      | Noticed an ice beast
  2229 | D:5      | Reached skill level 2 in Fighting
  2536 | D:5      | Mangled by an ogre

Illustrated notes

Levels and vault maps discovered:
D:1:      dpeg_arrival_round_a, layout_basic,
          dreamdust_ecumenical_altar_drowned_temple, serial_shops,
          nicolae_shop_behind_doors
D:2:      layout_loops_cross
D:3:      layout_basic, nicolae_overflow_ecumenical_swirl, uniq_natasha
D:4:      layout_gridville, uniq_eustachio
D:5:      layout_basic, mainiacjoe_overflow_cross_hatched, temple_doors_ab,
          uniq_sigmund

Skill      XL: |  1  2  3  4  5  6 |
---------------+-------------------+-----
Ranged Weapons | 3 4 5 |  5.4
Stealth        | 2 3 4 |  4.4
Fighting       | 2 |  2.1
Dodging        | |  1.3

Action                     |  1- 3 |  4- 6 || total
---------------------------+-------+-------++-------
  Melee: Unarmed           |     7 |    22 ||    29
         Tailslap          |     2 |     1 ||     3
         Punch             |       |     1 ||     1
   Fire: Shortbow          |   124 |   120 ||   244
  Throw: Throwing net      |       |     1 ||     1
    Use: Potion            |     3 |       ||     3
         Scroll            |     2 |     3 ||     5
 Armour: Leather armour    |    28 |    33 ||    61
  Dodge: Dodged            |    52 |    41 ||    93
